 Dungeon Crawl Stone Soup version 0.21-a0-507-ga8f6b7a (webtiles) character file.

408 slep the Poker (level 6, -1/48 HPs)
             Began as a Demonspawn Monk on Nov 27, 2017.
             Slain by an ogre
             ... wielding a +0 giant club
              (18 damage)
             ... on level 4 of the Dungeon.
             The game lasted 00:12:39 (2952 turns).

slep the Poker (Demonspawn Monk)                    Turns: 2952, Time: 00:12:40

Health: -1/48      AC:  6    Str: 13    XL:     6   Next: 57%
Magic:  0/6        EV: 12    Int: 12    God:
Gold:   203        SH:  4    Dex: 15    Spells: 5/5 levels left

rFire    + . .     SeeInvis .   b - +0 blowgun
rCold    x . .     Gourm    .   (no shield)
rNeg     . . .     Faith    +   h - +0 ring mail
rPois    .         Spirit   +   t - +0 helmet
rElec    .         Reflect  .   (no cloak)
rCorr    .         Harm     .   (no gloves)
MR       .....                  (no boots)
Stlth    ++........             p - amulet of faith
HPRegen  0.16/turn              x - ring of fire
MPRegen  0.10/turn              (no ring)

@: no status effects
A: large bone plates 1, powered by death 1, magic shield
a: no special abilities


You were on level 4 of the Dungeon.
You were hungry.

You visited 1 branch of the dungeon, and saw 4 of its levels.

You collected 203 gold pieces.

Inventory:

Hand Weapons
 a - a +0 spear
 b - a +0 blowgun (weapon)
Missiles
 s - 26 poisoned needles (quivered)
Armour
 h - a +0 ring mail (worn)
 o - a +0 robe
 t - a +0 helmet (worn)
 u - a +0 hat
Jewellery
 p - an amulet of faith (around neck)
 x - a ring of fire (left hand)
Scrolls
 f - a scroll of blinking {unknown}
 i - 3 scrolls of enchant weapon {unknown}
 j - a scroll of teleportation {unknown}
 m - 3 scrolls of remove curse {unknown}
 n - a scroll of magic mapping {unknown}
 q - 2 scrolls of identify {unknown}
Potions
 d - a potion of degeneration
 e - 2 potions of heal wounds
 g - a potion of might
 l - a potion of haste {unknown}
 r - 2 potions of flight {unknown}
 v - a potion of brilliance {unknown}
 w - 2 potions of ambrosia {unknown}
Comestibles
 c - 2 bread rations
 k - 2 meat rations


   Skills:
 + Level 3.9 Fighting
 + Level 5.0 Polearms
 + Level 0.6 Throwing
 + Level 2.2 Armour
 + Level 3.4 Dodging
 + Level 2.6 Stealth


You had 5 spell levels left.
You didn't know any spells.

Dungeon Overview and Level Annotations

Branches:
Dungeon (4/15)
 Temple: D:4-7

Altars:
Gozag
Hepliaklqana
Nemelex Xobeh
Qazlal
Ru


Innate Abilities, Weirdness & Mutations

You are partially covered in large bone plates. (SH +4)
You regenerate a little health from kills.
When hurt, damage is shared between your health and your magic reserves.


Message History

Firing (i - inventory):
s - 28 poisoned needles (quivered)
Press: ? - help, Shift-Dir - straight line, f/p - ogre
Aim: an ogre, wielding a giant club (moderately wounded)
You shoot a poisoned needle. The poisoned needle hits the ogre.
The ogre is poisoned.
The ogre is moderately wounded.
There is an open door here.
The ogre looks more healthy.
There is an open door here.
You see here a poisoned needle.
There is an open door here.
There is an open door here.
Firing (i - inventory):
s - 27 poisoned needles (quivered)
Press: ? - help, Shift-Dir - straight line, f/p - ogre
Aim: an ogre, wielding a giant club (moderately wounded)
You shoot a poisoned needle. The poisoned needle hits the ogre.
The ogre is poisoned.
The ogre is moderately wounded.
The ogre hits you with a giant club!!
You die...

#### ### .#.#########.#
.#...........# .....#####
#.############# .#.#.# #.#
#.........)).(# ##.#.# #.#
#.#..###'###..##### .#.#.# #.#
#.##.# #.# #......# <#.#.# #.#
#.##O###.###......# .#.#.#
#.###.##.@(._..'......#
.#.#.###...#.##.#######[.<...#
.#.......#.#.##.# ### #......#
.#.#####.#.#.##.# ### #..((..#
.#. ..#.#.##.. ... .......#
##########.#.#### ?## .......#
..........#...# # .......+
####...#####.# ........# #...#
#.#


You could see an ogre.

Vanquished Creatures
  Sigmund (D:3)
  An orc priest (D:3)
  Terence (D:3)
  Jessica (D:2)
  4 gnolls (D:4)
  6 adders
  An ooze (D:2)
  A worm (D:2)
  2 dart slugs (D:1)
  2 leopard geckos
  2 orcs (D:3)
  5 giant cockroaches
  9 goblins
  4 hobgoblins
  3 jackals (D:1)
  8 kobolds
  3 quokkas
  10 bats
  4 frilled lizards
  5 rats
73 creatures vanquished.

Vanquished Creatures (others)
  An orc wizard (D:3)
1 creature vanquished.

Grand Total: 74 creatures vanquished

Notes
Turn   | Place    | Note
-------+----------+-------------------------------------------
     0 | D:1      | slep the Demonspawn Monk began the quest for the Orb.
     0 | D:1      | Reached XP level 1. HP: 18/18 MP: 1/1
    71 | D:1      | Reached skill level 3 in Polearms
    71 | D:1      | Gained mutation: You are partially covered in large bone plates. (SH +4) [demonic ancestry]
    71 | D:1      | Reached XP level 2. HP: 4/24 MP: 2/2
   929 | D:1      | Gained mutation: You regenerate a little health from kills. [demonic ancestry]
   929 | D:1      | Reached XP level 3. HP: 28/29 MP: 3/3
  1170 | D:2      | Found an opulent altar of Gozag.
  1171 | D:2      | Found a sparkling altar of Nemelex Xobeh.
  1456 | D:2      | Noticed Jessica
  1463 | D:2      | Killed Jessica
  1463 | D:2      | Reached XP level 4. HP: 17/35 MP: 4/4
  1522 | D:2      | Found a stormy altar of Qazlal.
  1902 | D:3      | Reached skill level 4 in Polearms
  1927 | D:3      | Reached skill level 1 in Armour
  1927 | D:3      | Reached XP level 5. HP: 19/41 MP: 5/5
  1989 | D:3      | Found a sacrificial altar of Ru.
  2117 | D:3      | Noticed Terence
  2128 | D:3      | Killed Terence
  2358 | D:3      | Noticed Sigmund
  2379 | D:3      | HP: 2/41 [Sigmund/scythe (5)]
  2384 | D:3      | Killed Sigmund
  2384 | D:3      | Gained mutation: When hurt, damage is shared between your health and your magic reserves. [demonic ancestry]
  2384 | D:3      | Reached XP level 6. HP: 3/48 MP: 6/6
  2849 | D:4      | Found a hazy altar of Hepliaklqana.
  2876 | D:4      | Reached skill level 5 in Polearms
  2952 | D:4      | Slain by an ogre

Vault maps used:
D:1:      roderic_crossed_star, minmay_close_crescents
D:2:      grunt_temple_overflow_opulence, grunt_qazlal_sundering, uniq_jessica
D:3:      marbit_many_paths, uniq_terence, uniq_sigmund
D:4:      lemuel_doored_altar, serial_shops, nicolae_shop_trees, hex_tiny,
          uniq_pikel

Skill      XL: |  1  2  3  4  5  6 |
---------------+-------------------+-----
Stealth        | 2 |  2.6
Polearms       | 3 4 5 |  5.0
Dodging        | 3 |  3.4
Armour         | 1 2 |  2.2
Fighting       | |  3.9
Throwing       | |  0.6

Action                   |  1- 3 |  4- 6 || total
-------------------------+-------+-------++-------
Melee: Spear             |   159 |   199 ||   358
 Fire: Blowgun           |       |    21 ||    21
  Use: Potion            |       |     2 ||     2
 Stab: Sleeping          |     1 |     2 ||     3
  Eat: Chunk             |     2 |     4 ||     6
Armor: Robe              |     7 |       ||     7
       Ring mail         |    34 |    40 ||    74
Dodge: Dodged            |   103 |    81 ||   184
Block: Other             |    19 |    26 ||    45

Table legend:
 A = Spawn XP
 B = Non-spawn XP
 C = Spawn XP percentage of total XP
 D = Spawn monster count
 E = Non-spawn monster count
 F = Spawn count percentage of total count
 G = Total turns spent on level
                    A         B        C        D         E        F      G
               +---------+---------+-------+---------+---------+-------+---------
         Total |       0 |     584 |   0.0 |       0 |      74 |   0.0 |  2952
               +---------+---------+-------+---------+---------+-------+---------
           D:1 |       0 |      41 |   0.0 |       0 |      22 |   0.0 |  1054
           D:2 |       0 |      83 |   0.0 |       0 |      18 |   0.0 |   713
           D:3 |       0 |     403 |   0.0 |       0 |      29 |   0.0 |   976
           D:4 |       0 |      57 |   0.0 |       0 |       5 |   0.0 |   209
               +---------+---------+-------+---------+---------+-------+---------
